 Dungeon Crawl Stone Soup version 0.21-a0-243-g597973d (webtiles) character file.

11258 KristoblXynda the Carver (level 11, -10/115 HPs)
             Began as a Yellow Draconian Berserker on Sept 4, 2017.
             Was a High Priest of Trog.
             Mangled by a cyan ugly thing (12 damage)
             ... on level 11 of the Dungeon.
             The game lasted 00:28:38 (10398 turns).

KristoblXynda the Carver (DrBe)                    Turns: 10398, Time: 00:28:39

Health: -10/115    AC: 11    Str: 27    XL:     11   Next: 47%
Magic:  0/16       EV: 15    Int: 10    God:    Trog [*****.]
Gold:   505        SH:  0    Dex:  9    Spells: 10/10 levels left

rFire    + . .     SeeInvis .   r - +4 great sword (venom)
rCold    + + .     Gourm    .   (shield currently unavailable)
rNeg     . . .     Faith    .   (armour unavailable)
rPois    .         Spirit   +   (helmet restricted)
rElec    .         Reflect  .   x - +1 cloak
rCorr    +         Harm     .   y - +0 pair of gloves
MR       +++..                  l - +0 pair of boots
Stlth    ..........             m - amulet of guardian spirit
HPRegen  1.29/turn              k - ring of resist corrosion
MPRegen  0.15/turn              h - ring of protection from cold

@: berserking, regenerating, very quick
A: spit acid, acid resistance, unfitting armour, clumsy 1, cold resistance 1,
fire resistance 1, frail 1, magic resistance 1, screaming 1, strong 1,
cold-blooded, MP-powered wands, AC +7
a: Breathe Acid, Berserk, Trog's Hand, Brothers in Arms, Burn Spellbooks,
Renounce Religion


You were on level 11 of the Dungeon.
You worshipped Trog.
Trog was extremely pleased with you.
You were not hungry.

You visited 2 branches of the dungeon, and saw 12 of its levels.

You collected 505 gold pieces.

Inventory:

Hand Weapons
 r - a +4 great sword of venom (weapon)
 V - a +1 scimitar of flaming
Missiles
 N - a throwing net
 T - 3 javelins of returning (quivered)
Armour
 l - a +0 pair of boots (worn)
 x - a +1 cloak (worn)
 y - a +0 pair of gloves (worn)
Jewellery
 f - an uncursed ring of magical power
 h - a ring of protection from cold (right hand)
 k - a ring of resist corrosion (left hand)
 m - an amulet of guardian spirit (around neck)
 n - a +2 amulet of reflection {unknown}
Wands
 q - a wand of acid (11/15)
 u - a wand of iceblast (1/15)
 O - a wand of acid (11/15)
 R - a wand of digging (10/24)
 U - a wand of iceblast (9/15)
Scrolls
 o - 3 scrolls of remove curse
 p - a scroll of recharging
 s - 3 scrolls of amnesia
 t - a scroll of enchant armour
 w - 2 scrolls of magic mapping
 D - 2 scrolls of teleportation
 F - a scroll of blinking
 L - a scroll of fog
Potions
 a - a potion of resistance
 g - 2 potions of might
 i - 5 potions of brilliance
 v - 2 potions of magic
 A - a potion of lignification
 C - a potion of cancellation
 G - a potion of berserk rage
 J - 3 potions of flight
 K - a potion of haste
Books
 c - a book of Callings

   Spells                             Type                      Level
   a - Summon Small Mammal            Summoning                    1
   b - Call Imp                       Summoning                    2
   c - Call Canine Familiar           Summoning                    3
   d - Summon Guardian Golem          Hexes/Summoning              3
   e - Summon Lightning Spire         Summoning/Air                4
   f - Summon Ice Beast               Ice/Summoning                4
   Trog disapproves of the use of such an item.
 B - a book of Callings

   Spells                             Type                      Level
   a - Summon Small Mammal            Summoning                    1
   b - Call Imp                       Summoning                    2
   c - Call Canine Familiar           Summoning                    3
   d - Summon Guardian Golem          Hexes/Summoning              3
   e - Summon Lightning Spire         Summoning/Air                4
   f - Summon Ice Beast               Ice/Summoning                4
   Trog disapproves of the use of such an item.
 E - a book of Flames

   Spells                             Type                      Level
   a - Flame Tongue                   Conjuration/Fire             1
   b - Throw Flame                    Conjuration/Fire             2
   c - Conjure Flame                  Conjuration/Fire             3
   d - Inner Flame                    Hexes/Fire                   3
   e - Sticky Flame                   Conjuration/Fire             4
   f - Fireball                       Conjuration/Fire             5
   Trog disapproves of the use of such an item.
 I - a book of Debilitation

   Spells                             Type                      Level
   a - Corona                         Hexes                        1
   b - Slow                           Hexes                        2
   c - Inner Flame                    Hexes/Fire                   3
   d - Portal Projectile              Hexes/Translocation          3
   e - Cause Fear                     Hexes                        4
   f - Leda's Liquefaction            Hexes/Earth                  4
   Trog disapproves of the use of such an item.
Miscellaneous
 M - a fan of gales
Comestibles
 b - 10 bread rations
 d - 3 royal jellies
 j - 6 meat rations


   Skills:
 - Level 5.0 Fighting
 + Level 13.1 Long Blades
 - Level 3.1 Throwing
 + Level 8.2 Dodging
 - Level 7.0 Stealth
 + Level 7.2 Evocations


You had 10 spell levels left.
You didn't know any spells.

Dungeon Overview and Level Annotations

Branches:
Dungeon (11/15)            Temple (1/1) D:4            Lair (0/6) D:9
    Orc (0/2) D:9

Altars:
Ashenzari
Cheibriados
Dithmenos
Elyvilon
Fedhas
Gozag
Hepliaklqana
Kikubaaqudgha
Makhleb
Nemelex Xobeh
Okawaru
Qazlal
Ru
Sif Muna
Trog
Uskayaw
Vehumet
Wu Jian
Xom
Yredelemnul
Zin
The Shining One

Shops:
D:5 (   D:7 (


Innate Abilities, Weirdness & Mutations

You can spit globs of acid.
You are resistant to acid.
Your golden yellow scales are hard. (AC +7)
You cannot fit into any form of body armour.
You are cold-blooded and may be slowed by cold attacks.
You are clumsy. (Dex -2)
Your flesh is cold resistant. (rC+)
Your flesh is heat resistant. (rF+)
You are frail. (-10% HP)
You are resistant to hostile enchantments. (MR+)
You occasionally shout uncontrollably at your foes.
Your muscles are strong. (Str +2)
You expend magic power (3 MP) to strengthen your wands.


Message History

The cyan ugly thing is lightly wounded.
The cyan ugly thing pecks you. The cyan ugly thing shocks you!
* * * LOW HITPOINT WARNING * * *
Your skin crawls.
You feel resistant to hostile enchantments.
You feel somewhat more hungry.
The cyan ugly thing pecks you but does no damage.
A red film seems to cover your vision as you go berserk!
You feel yourself moving faster!
You feel mighty!
You feel a lot more hungry. The cyan ugly thing pecks you!
* * * LOW HITPOINT WARNING * * *
The cyan ugly thing shocks you!
* * * LOW HITPOINT WARNING * * *
You barely miss the cyan ugly thing.
Your tail-slap misses the cyan ugly thing.
The cyan ugly thing is moderately wounded.
The cyan ugly thing pecks you!
* * * LOW HITPOINT WARNING * * *
The cyan ugly thing shocks you!
You die...

#..........# #Y.# #..........#
#a# #..# #..........#
#####.##########W.#
##.............................Y.
..................>...Y......Y...
†.............### #...######.....
...#########..# #...######..###
..............#####Y..........###
................@uYWY......).....
########..############...........
#..############..######### ######
#................#
.............................
..................######..###
#####.###########.# ..# #. #.#
..# ##### #.# ..#


You could see a cyan ugly thing, 3 yaks and a hungry ghost.

Vanquished Creatures
  A centaur warrior (D:8)
  Erica (D:10)
  A two-headed ogre (D:9)
  The ghost of Shiggs the Fighter, a novice NaFi of Okawaru (D:7)
  An unseen horror (D:11)
  Maurice (D:9)
  Psyche (D:8)
  A gargoyle (D:11)
  The ghost of Shiggs the Skirmisher, an amateur NaFi (D:4)
  2 hippogriffs
  A vampire (D:10)
  A yak (D:9)
  3 wyverns
  2 hungry ghosts (D:9)
  A basilisk (D:9)
  Menkaure (D:7)
  A soldier ant (D:10)
  2 water moccasins
  An orc warrior (D:8)
  5 sky beasts
  2 ice beasts
  A phantom (D:9)
  3 ogres
  3 centaurs
  A crocodile (D:9)
  A big kobold (D:8)
  2 bullfrogs
  2 gnoll sergeants
  A water moccasin zombie (D:7)
  2 wyvern skeletons
  A scorpion (D:8)
  A troll zombie (D:9)
  13 killer bees
  7 wights
  3 electric eels (D:10)
  9 howler monkeys
  A bullfrog zombie (D:6)
  3 crimson imps
  A jelly (D:5)
  3 hounds
  2 centaur skeletons
  10 orc priests
  Crazy Yiuf (D:3)
  2 bullfrog skeletons
  5 iguanas
  8 orc wizards
  7 worker ants
  A killer bee zombie (D:6)
  5 ogre zombies (D:9)
  The ghost of RandomMack the Sneak, a weakling SpAs (D:5)
  2 hound skeletons
  A howler monkey zombie (D:9)
  8 gnolls
  13 adders
  3 shadow imps
  An ooze (D:3)
  An adder zombie (D:5)
  An adder skeleton (D:4)
  5 worms
  A dart slug (D:4)
  4 leopard geckos
  34 orcs
  4 giant cockroaches
  2 goblins
  7 hobgoblins
  5 jackals
  5 kobolds
  7 quokkas
  A ball python (D:1)
  6 bats
  4 frilled lizards
  2 hobgoblin skeletons (D:9)
  3 hobgoblin zombies (D:9)
  A leopard gecko zombie (D:5)
  3 orc skeletons (D:9)
  11 orc zombies (D:9)
  4 rats
  A spectral orc (D:9)
271 creatures vanquished.

Notes
Turn   | Place    | Note
-------+----------+-------------------------------------------
     0 | D:1      | KristoblXynda the Draconian Berserker began the quest for the Orb.
     0 | D:1      | Reached XP level 1. HP: 19/19 MP: 1/1
   172 | D:1      | Reached XP level 2. HP: 19/26 MP: 2/2
   743 | D:2      | Reached skill level 1 in Stealth
   791 | D:2      | Reached XP level 3. HP: 31/31 MP: 3/3
  1724 | D:3      | Reached ** piety under Trog
  1726 | D:3      | Reached skill level 4 in Long Blades
  1726 | D:3      | Reached XP level 4. HP: 38/38 MP: 4/4
  1800 | D:3      | Found a snail-covered altar of Cheibriados.
  1992 | D:3      | Reached XP level 5. HP: 43/45 MP: 5/5
  2008 | D:3      | Reached skill level 9 in Long Blades
  2008 | D:3      | Reached skill level 5 in Evocations
  2008 | D:3      | Reached XP level 6. HP: 51/51 MP: 0/10
  2083 | D:3      | Found a runed door.
  2300 | D:3      | Noticed Crazy Yiuf
  2311 | D:3      | Killed Crazy Yiuf
  2662 | D:4      | Noticed Shiggs's ghost (amateur NaFi)
  2685 | D:4      | Killed Shiggs's ghost
  2685 | D:4      | Your scales start taking on a golden yellow colour.
  2685 | D:4      | Reached XP level 7. HP: 58/58 MP: 11/11
  2889 | D:4      | Found a white marble altar of Elyvilon.
  3106 | D:4      | Found a staircase to the Ecumenical Temple.
  3113 | Temple   | Entered the Ecumenical Temple
  3462 | D:5      | Entered Level 5 of the Dungeon
  3479 | D:5      | Reached skill level 10 in Long Blades
  3779 | D:5      | Noticed RandomMack's ghost (weakling SpAs)
  3866 | D:5      | Reached XP level 8. HP: 64/67 MP: 12/12
  3873 | D:5      | Killed RandomMack's ghost
  3933 | D:5      | Gained mutation: You are resistant to hostile enchantments. (MR+) [mutagenic meat]
  3943 | D:5      | Found Yclunkak's Weapon Shop.
  4353 | D:5      | Reached *** piety under Trog
  4688 | D:6      | Found an ancient bone altar of Kikubaaqudgha.
  5020 | D:6      | Reached skill level 5 in Fighting
  5437 | D:7      | Reached skill level 1 in Throwing
  5452 | D:7      | Reached XP level 9. HP: 27/74 MP: 8/13
  5538 | D:7      | Noticed Shiggs's ghost (novice NaFi)
  5551 | D:7      | Killed Shiggs's ghost
  5551 | D:7      | Reached skill level 5 in Dodging
  5664 | D:7      | Found a bloodstained altar of Trog.
  5819 | D:7      | Found Qisiris's Antique Weapon Shop.
  6082 | D:7      | Noticed Menkaure
  6085 | D:7      | Killed Menkaure
  6429 | D:8      | Found a hide-covered altar of Uskayaw.
  6430 | D:8      | Found a glowing golden altar of the Shining One.
  6442 | D:8      | Received a gift from Trog
  6443 | D:8      | Reached skill level 11 in Long Blades
  6604 | D:8      | Reached **** piety under Trog
  6630 | D:8      | Noticed Psyche
  6638 | D:8      | Killed Psyche
  6638 | D:8      | Reached XP level 10. HP: 81/81 MP: 14/14
  6640 | D:8      | Noticed a centaur warrior
  6650 | D:8      | Killed a centaur warrior
  7197 | D:8      | Gained mutation: You are clumsy. (Dex -2) [mutagenic meat]
  7308 | D:8      | Found a burning altar of Makhleb.
  7310 | D:8      | Found a glowing silver altar of Zin.
  7310 | D:8      | Noticed an angel
  7311 | D:8      | Noticed a green death
  7396 | D:8      | Reached skill level 12 in Long Blades
  7597 | D:9      | Reached ***** piety under Trog
  7625 | D:9      | Found a staircase to the Orcish Mines.
  7975 | D:9      | Found a staircase to the Lair.
  8292 | D:9      | Noticed Maurice
  8296 | D:9      | Killed Maurice
  8369 | D:9      | Noticed a two-headed ogre
  8375 | D:9      | Killed a two-headed ogre
  8375 | D:9      | Reached XP level 11. HP: 67/86 MP: 10/15
  8428 | D:9      | Found a hazy altar of Hepliaklqana.
  8654 | D:9      | Found a basalt altar of Yredelemnul.
  9195 | D:10     | Entered Level 10 of the Dungeon
  9467 | D:10     | Received a gift from Trog
  9504 | D:10     | Noticed Erica
  9592 | D:10     | Killed Erica
  9718 | D:10     | Gained mutation: Your flesh is heat resistant. (rF+) [mutagenic meat]
  9719 | D:10     | Gained mutation: Your muscles are strong. (Str +2) [mutagenic meat]
  9720 | D:10     | Gained mutation: Your flesh is cold resistant. (rC+) [mutagenic meat]
  9721 | D:10     | Gained mutation: You are frail. (-10% HP) [mutagenic meat]
  9722 | D:10     | Gained mutation: You occasionally shout uncontrollably at your foes. [mutagenic meat]
  9723 | D:10     | Gained mutation: You expend magic power (3 MP) to strengthen your wands. [mutagenic meat]
  9743 | D:10     | Reached skill level 13 in Long Blades
 10064 | D:11     | HP: 3/77 [something (6)]
 10071 | D:11     | HP: 3/77 [something (6)]
 10072 | D:11     | HP: 1/77 [something (2)]
 10104 | D:11     | Killed an unseen horror
 10371 | D:11     | Noticed a cyan ugly thing
 10398 | D:11     | HP: 2/115 [cyan ugly thing (11)]
 10398 | D:11     | Mangled by a cyan ugly thing

Vault maps used:
D:1:      dpeg_arrival_boxes_within_box
D:2:      first_bread, minmay_misc_feat_nine_boxes, minmay_item_behind_shaft
D:3:      cheibriados_altar_1, minmay_cut_off, uniq_crazy_yiuf_cottage
D:4:      overflow_temple_1_default, minmay_temple_entry_fiery
D:5:      serial_shops, shop, minivault_24, kennysheep_crisscross
D:6:      overflow_temple_1_default
D:7:      bloody_trog, serial_shops, nicolae_shop_competitors_out_of_business,
          uniq_menkaure
D:8:      grunt_temple_overflow_order_and_chaos_2,
          gammafunk_temple_overflow_pools, uniq_psyche
D:9:      yredelemnul_forgotten_temple_becter, marbit_many_paths,
          david_lair_generic, zombieorc1_lemuel, grunt_ogre_cave, uniq_maurice
D:10:     uniq_erica
D:11:     uniq_fannar
Temple:   hc_temple_tempest_star

Skill      XL: |  1  2  3  4  5  6  7  8  9 10 11 |
---------------+----------------------------------+-----
Dodging        | 3 4 6 7 8 |  8.2
Stealth        | 1 2 6 7 |  7.0
Long Blades    | 4 9 10 11 12 13 | 13.1
Evocations     | 5 6 7 |  7.2
Fighting       | 4 5 |  5.0
Throwing       | 1 3 |  3.1

Action                   |  1- 3 |  4- 6 |  7- 9 | 10-12 || total
-------------------------+-------+-------+-------+-------++-------
Melee: Falchion          |   105 |    60 |    99 |       ||   264
       Tailslap          |     8 |    12 |    36 |    42 ||    98
       Great sword       |       |       |   179 |   296 ||   475
       Scimitar          |       |       |       |    13 ||    13
Throw: Javelin           |       |       |       |     1 ||     1
Invok: Berserk           |     2 |     2 |     4 |     3 ||    11
       Trog's Hand       |       |       |     1 |     1 ||     2
 Abil: Breathe Acid      |       |       |     3 |     4 ||     7
Evoke: Wand              |       |       |     2 |     4 ||     6
  Use: Scroll            |     4 |    10 |     9 |    10 ||    33
       Potion            |       |     1 |     1 |     5 ||     7
 Stab: Sleeping          |       |     5 |    12 |    11 ||    28
       Distracted        |       |       |       |     2 ||     2
  Eat: Bread ration      |     1 |     1 |       |       ||     2
       Royal jelly       |     1 |       |     1 |     2 ||     4
       Chunk             |       |     1 |    14 |    16 ||    31
       Fruit             |       |       |       |     6 ||     6
Armor: Skin              |    34 |    10 |    96 |   114 ||   254
Dodge: Dodged            |    86 |    30 |   180 |   177 ||   473
       Rpst.: Falchion   |    27 |    10 |    22 |       ||    59
       Great sword       |       |       |    38 |    34 ||    72
       Scimitar          |       |       |       |     3 ||     3

Table legend:
 A = Spawn XP
 B = Non-spawn XP
 C = Spawn XP percentage of total XP
 D = Spawn monster count
 E = Non-spawn monster count
 F = Spawn count percentage of total count
 G = Total turns spent on level
                    A         B        C        D         E        F      G
               +---------+---------+-------+---------+---------+-------+---------
         Total |    1867 |   14033 |  11.7 |      24 |     247 |   8.9 | 10398
               +---------+---------+-------+---------+---------+-------+---------
           D:1 |       0 |      17 |   0.0 |       0 |      12 |   0.0 |   447
           D:2 |       2 |      61 |   3.2 |       1 |      13 |   7.1 |  1185
           D:3 |       5 |     171 |   2.8 |       1 |      24 |   4.0 |  1010
           D:4 |       4 |     461 |   0.9 |       1 |       9 |  10.0 |   514
           D:5 |      90 |     740 |  10.8 |       3 |      28 |   9.7 |  1120
           D:6 |       0 |     805 |   0.0 |       0 |      22 |   0.0 |   809
           D:7 |     364 |    1666 |  17.9 |       3 |      15 |  16.7 |   965
           D:8 |     219 |    3460 |   6.0 |       4 |      43 |   8.5 |  1072
           D:9 |     365 |    3711 |   9.0 |       3 |      55 |   5.2 |  1767
          D:10 |     357 |    2136 |  14.3 |       5 |      24 |  17.2 |   800
          D:11 |     461 |     805 |  36.4 |       3 |       2 |  60.0 |   403
               +---------+---------+-------+---------+---------+-------+---------
